 Dungeon Crawl Stone Soup version 0.31-a0-728-g01b46875f1 (webtiles) character file.

Game seed: 11494187652734887313

1449 snarfax the Cleaver (level 8, -2/46 HPs)
             Began as a Gargoyle Fighter on Sept 11, 2023.
             Killed by divine providence
             ... invoked by an orc priest
              (11 damage)
             ... on level 5 of the Dungeon.
             The game lasted 00:13:28 (4838 turns).

snarfax the Cleaver (Gargoyle Fighter)              Turns: 4838, Time: 00:13:29

Health: -2/46      AC: 18    Str: 23    XL:     8   Next: 75%
Magic:  8/8        EV:  8    Int:  8    God:
Gold:   1261       SH:  5    Dex:  9    Spells: 7/7 levels left

rFire   . . .        u - +0 broad axe
rCold   . . .        c - +1 buckler
rNeg    + . .        e - +0 chain mail
rPois   ∞            (no helmet)
rElec   +            x - +0 cloak
rCorr   .            o - +0 pair of gloves
SInv    +            y - +0 pair of boots
Will    .....        (no amulet) Stlth
                     t - ring of see invisible
HPRegen 0.27/turn    (no ring)
MPRegen 0.11/turn

%: no passive effects
@: no status effects
A: sickness immunity, AC +5, negative energy resistance 1, electricity
resistance, torment resistance 1, petrification resistance
a: no special abilities


You were on level 5 of the Dungeon.
You visited 1 branch of the dungeon, and saw 5 of its levels.
You also visited: Sewer.

You collected 1261 gold pieces.

Inventory:

Hand Weapons
 a - a +1 war axe
 u - a +0 broad axe (weapon)
Missiles
 f - 27 poisoned darts
 v - 3 javelins
 A - a curare-tipped dart
Armour
 b - a +0 scale mail
 c - a +1 buckler (worn)
 e - a +0 chain mail (worn)
 o - a +0 pair of gloves (worn)
 x - a +0 cloak (worn)
 y - a +0 pair of boots (worn)
Jewellery
 t - a ring of see invisible (left hand)
Scrolls
 j - a scroll of acquirement
 l - a scroll of silence {unknown}
 n - 2 scrolls of immolation
 p - 2 scrolls of revelation {unknown}
 r - a scroll of fear {unknown}
 s - a scroll of enchant armour
 w - 3 scrolls of identify
 z - 2 scrolls of enchant weapon
Potions
 d - a potion of heal wounds {unknown}
 g - a potion of resistance {unknown}
 h - 2 potions of curing
 i - 2 potions of cancellation {unknown}
 k - 3 potions of haste
 m - 2 potions of lignification {unknown}
 q - a potion of brilliance
 B - a potion of attraction {unknown}


   Skills:
 - Level 3.2 Fighting
 * Level 9.3 Axes
 - Level 3.2 Armour
 - Level 5.0 Shields


You had 7 spell levels left.
You didn't know any spells.
Your spell library was empty.

Dungeon Overview and Level Annotations

Branches:
Dungeon (5/15)              Sewer (visited)
 Temple: D:4-7

Altars:
Hepliaklqana


Innate Abilities, Weirdness & Mutations

You are immune to sickness and miasma.
Your stone body is resilient. (AC +5)
You are immune to poison.
You resist negative energy. (rN+)
You are resistant to electric shocks. (rElec)
You are resistant to unholy torment.
You are immune to petrification.


Message History

The puff of flame hits you but does no damage.
You closely miss the orc wizard.
The orc wizard is severely wounded.
You hit the orc priest. The orc wizard casts a spell at you.
You resist with some effort. The orc priest completely misses you.
The orc hits you but does no damage. You block the orc wizard's attack.
The orc hits you but does no damage.
You slash the orc wizard!
You kill the orc wizard!
You barely miss the orc priest. The orc hits you but does no damage.
You closely miss the orc priest.
The orc priest is moderately wounded.
You slash the ogre!
The orc priest mumbles some strange prayers to Beogh against you.
You struggle to resist.
The ogre hits you with a +0 giant spiked club.
The orc barely misses you.
You barely miss the ogre.
The ogre is heavily wounded.
You hit the orc priest.
The orc priest begins to cast a cantrip, but forgets the words!
You block the orc's attack.
You completely miss the ogre.
The ogre is heavily wounded.
You closely miss the orc priest.
The ogre hits you with a +0 giant spiked club!!
Ouch! That really hurt!
The orc priest hits you but does no damage.
The orc hits you but does no damage.
An iguana comes into view.
The iguana hisses angrily.
The orc priest attacks as it pursues you!
The orc priest hits you but does no damage.
The orc priest calls down the wrath of Beogh upon you.
Beogh smites you!
* * * LOW HITPOINT WARNING * * *
The orc priest calls down the wrath of Beogh upon you.
Beogh smites you!
You die...

##...## ##.....## ...
#.......# ...
#.....>.# #.#
#.......#
###.#####.<...##
.............##
#.###........#
#.######..##@.......#
.....olOoo..........#
.....o)##.####.....##
....l.# #.# ##...##
....## #.. ###.# ...
.#.# .# .. . .# .# .
.. .# .. .#


You could see an ogre, an iguana, an orc priest and 3 orcs.

Vanquished Creatures
  Sigmund (D:4)
  5 kobold brigands
  2 scorpions
  3 wights (D:4)
  2 hounds (D:4)
  An orc priest (D:5)
  Crazy Yiuf (D:4)
  3 orc wizards
  7 adders
  22 gnolls
  2 worms (Sewer)
  5 dart slugs
  24 orcs
  7 bats
  17 endoplasms
  4 goblins
  3 hobgoblins
  24 jackals
  3 quokkas
  5 ball pythons
  2 frilled lizards
  14 kobolds
  15 rats
172 creatures vanquished.

Vanquished Creatures (others)
  An orc wizard (D:4)
1 creature vanquished.

Grand Total: 173 creatures vanquished

Notes
Turn   | Place    | Note
-------+----------+-------------------------------------------
     0 | D:1      | snarfax the Gargoyle Fighter began the quest for the Orb.
     0 | D:1      | Reached XP level 1. HP: 14/14 MP: 1/1
    37 | D:1      | Reached skill level 2 in Axes
    90 | D:1      | Reached XP level 2. HP: 19/19 MP: 2/2
   201 | D:1      | Found a faded altar of an unknown god.
   377 | D:1      | Reached XP level 3. HP: 23/23 MP: 3/3
   686 | D:2      | Reached skill level 3 in Axes
   697 | D:2      | Reached XP level 4. HP: 28/28 MP: 4/4
   776 | D:2      | Identified 2 scrolls of acquirement
   776 | D:2      | Acquired 1107 gold pieces
  1382 | D:2      | Noticed a scorpion
  1394 | D:2      | Killed a scorpion
  1395 | D:2      | Reached skill level 4 in Axes
  1395 | D:2      | Reached XP level 5. HP: 31/32 MP: 5/5
  1508 | D:3      | Found a glowing drain.
  1513 | Sewer    | Entered a sewer
  1546 | Sewer    | Noticed a kobold brigand
  1567 | Sewer    | Killed a kobold brigand
  1568 | Sewer    | Reached XP level 6. HP: 29/37 MP: 6/6
  1901 | Sewer    | Reached skill level 5 in Axes
  1901 | Sewer    | Reached skill level 5 in Shields
  2059 | Sewer    | Reached XP level 7. HP: 31/41 MP: 7/7
  2137 | Sewer    | Reached skill level 6 in Axes
  3183 | D:4      | Found a runed translucent door.
  3184 | D:4      | Noticed Crazy Yiuf
  3193 | D:4      | Killed Crazy Yiuf
  3820 | D:4      | Reached skill level 7 in Axes
  3989 | D:4      | Found a hazy altar of Hepliaklqana.
  3990 | D:4      | Noticed Sigmund
  3996 | D:4      | Killed Sigmund
  3997 | D:4      | Reached skill level 8 in Axes
  3997 | D:4      | Reached XP level 8. HP: 46/46 MP: 8/8
  3998 | D:4      | Found a faded altar of an unknown god.
  4546 | D:4      | Reached skill level 9 in Axes
  4783 | D:5      | Entered Level 5 of the Dungeon
  4838 | D:5      | Killed from afar by an orc priest

Illustrated notes

Levels and vault maps discovered:
D:1:      dpeg_arrival_tiny_j, layout_basic,
          ebering_ecumenical_altar_sacrificial, minmay_heptomino_w4
D:2:      layout_loops_ring, chequers_serial_rivers_micro_b,
          grunt_ministairs_14, kennysheep_flooded_box, st_stairs_3
D:3:      layout_basic, portal_sewer_entry_e, grunt_decor_fettered
D:4:      lemuel_castle_with_subvaults [lemuel_castle_interior_carwin_1],
          layout_basic, beargit_hepliaklqana_dungeon_heroes,
          uniq_crazy_yiuf_cottage
D:5:      layout_rooms, general_overflow_altar, kennysheep_donut,
          grunt_ministairs_10, uniq_eustachio

Skill      XL: |  1  2  3  4  5  6  7  8 |
---------------+-------------------------+-----
Axes           | 2 3 4 5 8 9 |  9.3
Shields        | 4 5 |  5.0
Fighting       | |  3.2
Armour         | |  3.2

Action                     |  1- 3 |  4- 6 |  7- 9 || total
---------------------------+-------+-------+-------++-------
  Melee: War axe           |    83 |   123 |   280 ||   486
         Broad axe         |       |       |    20 ||    20
  Throw: Dart              |       |       |     4 ||     4
    Use: Scroll            |       |    10 |       ||    10
         Potion            |       |       |     4 ||     4
 Armour: Scale mail        |     9 |       |       ||     9
         Chain mail        |    48 |    59 |   231 ||   338
  Dodge: Dodged            |    40 |    49 |   104 ||   193
  Block: Buckler           |    19 |    27 |    82 ||   128

Table legend: (Time is in decaauts)
 A = Elapsed time spent in this place.
 B = Non-inter-level travel time spent in this place.
 C = Inter-level travel time spent in this place.
 D = Time resting spent in this place.
 E = Time spent auto-exploring this place.
 F = Levels seen in this place.
 G = Mean time per level.
                   A        B        C        D        E       F      G
               +--------+--------+--------+--------+--------+-----+--------+
         Total |   5099 |   4889 |    210 |    339 |   3215 |   6 |  849.8 |
       Dungeon |   4197 |   3987 |    210 |    339 |   2583 |   5 |  839.4 |
         Sewer |    902 |    902 |      0 |      0 |    632 |   1 |  902.0 |
               +--------+--------+--------+--------+--------+-----+--------+

Top non-repeatable levels by time:
     D:4: 1697 daAuts
     D:3: 912 daAuts
   Sewer: 902 daAuts
     D:2: 865 daAuts
     D:1: 665 daAuts
     D:5: 57 daAuts
